Map: Tuonela LE

Players

RECO

  • Race: Terran Terran
  • Spawn Location: 3:00

NagatoYuki

  • Race: Zerg Zerg
  • Spawn Location: 6:00

fïstëdänüs

  • Race: Protoss Protoss
  • Spawn Location: 5:00

cuchumbino

  • Race: Terran Terran
  • Spawn Location: 5:00

Alebay - Winner!

  • Race: Protoss Protoss
  • Spawn Location: 11:00

PiPuxD - Winner!

  • Race: Protoss Protoss
  • League: Gold
  • Spawn Location: 9:00

MattBarry - Winner!

  • Race: Zerg Zerg
  • League: Gold
  • Spawn Location: 12:00

llllllllllll - Winner!

  • Race: Protoss Protoss
  • Spawn Location: 11:00

VOD

Have the link to the VOD?

Description

Time

  • Played on: Feb. 14, 2023, 3:09 a.m.
  • Length: 3:44
Show
View Real Time Build Order
Export as new Build Order

RECO Terran 

Build Orders:  

Get SALT Encoding   

  12  0:02  SCV  
  13  0:14  SCV  
  13  0:20  Supply Depot  
  14  0:26  SCV  
  15  0:48  SCV  
  16  1:00  Supply Depot  
  16  1:18  SCV  
  17  1:25  Barracks  
  17  1:27  Engineering Bay  
  17  1:32  SCV  
  18  1:38  Barracks  
  18  1:43  Refinery  
  18  1:53  SCV  
  19  1:57  Refinery  
  19  2:01  Engineering Bay  
  19  2:05  SCV  
  20  2:13  Marine  
  20  2:18  Supply Depot  
  20  2:19  SCV  
  21  2:31  Marine, SCV  
  23  2:39  Marine  
  23  2:40  Barracks  
  23  2:49  Supply Depot  
  23  3:03  Factory  
  23  3:11  Marine x2, SCV  
Show
View Real Time Build Order
Export as new Build Order

NagatoYuki Zerg 

Build Orders: Hatch First 

Get SALT Encoding   

  12  0:01  Drone  
  13  0:18  Overlord  
  13  0:19  Drone  
  14  0:37  Drone  
  14  0:38  Drone  
  16  0:55  Hatchery  
  16  0:56  Drone x2  
  17  1:06  Extractor  
  16  1:22  Spawning Pool  
  16  1:23  Drone x2  
  16  1:24  Drone  
  18  1:42  Extractor, Drone  
  18  1:49  Overlord  
  18  2:10  Queen  
  18  2:11  Roach Warren  
  19  2:16  Overlord  
  19  2:17  Overlord  
  19  2:52  Roach  
  19  2:53  Roach x4  
  29  3:10  Roach x3  
  35  3:15  Ravager  
  35  3:16  Ravager  
  35  3:17  Ravager  
Show
View Real Time Build Order
Export as new Build Order

fïstëdänüs Protoss 

Build Orders:  

Get SALT Encoding   

  12  0:10  Pylon  
  12  0:29  Forge  
  12  0:32  Probe (Chrono Boost)  
  14  0:44  Probe (Chrono Boost)  
  14  1:01  Pylon  
  14  1:15  Probe  
  15  1:23  Photon Cannon  
  15  1:26  Photon Cannon  
  15  1:27  Probe (Chrono Boost)  
  16  1:39  Probe (Chrono Boost)  
  17  1:46  Pylon  
  18  1:47  Probe (Chrono Boost)  
  18  2:07  Photon Cannon  
  18  2:08  Photon Cannon  
  18  2:15  Photon Cannon  
Show
View Real Time Build Order
Export as new Build Order

cuchumbino Terran 

Build Orders:  

Get SALT Encoding   

  12  0:02  SCV  
  13  0:14  SCV  
  14  0:23  Supply Depot  
  14  0:26  SCV  
  15  0:46  Refinery  
  15  0:49  Barracks  
  15  0:53  Barracks  
  15  1:00  Refinery  
  15  1:03  SCV  
  16  1:15  SCV  
  17  1:27  SCV  
  18  1:39  SCV  
  19  1:41  Barracks Reactor x2  
  19  1:43  Supply Depot  
  19  1:55  SCV  
  20  2:08  Supply Depot  
  20  2:10  SCV  
  21  2:27  Reaper x4  
  25  2:39  SCV  
  25  2:43  Supply Depot  
  26  2:58  SCV  
  27  3:08  Reaper x2  
  27  3:09  Reaper x2  
  31  3:17  Supply Depot  
  31  3:19  SCV  
  32  3:31  SCV  
Show
View Real Time Build Order
Export as new Build Order

Alebay Protoss - Winner!

Build Orders: 1 Gate Expand 

Get SALT Encoding   

  12  0:00  Probe  
  13  0:12  Probe  
  14  0:18  Pylon  
  14  0:24  Probe  
  15  0:36  Gateway  
  15  0:37  Probe  
  16  0:45  Assimilator  
  16  0:49  Probe  
  17  1:01  Probe  
  18  1:14  Probe  
  19  1:26  Probe, Nexus  
  20  1:35  Cybernetics Core  
  20  1:38  Probe  
  21  1:43  Assimilator  
  21  1:50  Probe  
  21  1:53  Pylon  
  22  2:03  Probe  
  23  2:13  Gateway  
  23  2:14  Adept (Chrono Boost)  
  25  2:16  Probe  
  26  2:28  Probe  
  27  2:38  Stalker (Chrono Boost), Probe  
  27  2:42  Probe  
  32  2:51  Probe  
  32  2:54  Probe  
  33  3:03  Probe  
  34  3:06  Probe  
  34  3:08  Adept  
  34  3:09  Stalker  
  39  3:15  Probe  
  39  3:18  Probe  
  41  3:20  Pylon  
  41  3:22  Pylon  
  41  3:27  Probe  
  41  3:29  Assimilator  
  41  3:30  Probe  
Show
View Real Time Build Order
Export as new Build Order

PiPuxD Protoss - Winner!

Build Orders: Cannon Rush 

Get SALT Encoding   

  12  0:00  Probe  
  13  0:12  Probe  
  14  0:19  Pylon  
  14  0:24  Probe  
  15  0:37  Forge  
  15  0:39  Probe (Chrono Boost)  
  16  0:49  Probe (Chrono Boost)  
  17  0:55  Probe (Chrono Boost)  
  17  0:59  Assimilator  
  18  1:11  Probe  
  19  1:22  Pylon  
  19  1:26  Probe  
  20  1:40  Photon Cannon  
  20  1:42  Photon Cannon  
  20  1:46  Probe  
  21  1:53  Photon Cannon x2  
  21  2:02  Photon Cannon  
  21  2:10  Pylon  
  21  2:29  Photon Cannon  
  21  2:40  Pylon  
  21  2:59  Gateway  
  21  3:01  Pylon  
  21  3:09  Probe  
  22  3:13  Assimilator  
  22  3:20  Gateway  
  22  3:27  Pylon  
  22  3:30  Photon Cannon  
Show
View Real Time Build Order
Export as new Build Order

MattBarry Zerg - Winner!

Build Orders: Pool First 

Get SALT Encoding   

  12  0:00  Drone  
  13  0:12  Drone  
  14  0:18  Extractor  
  13  0:26  Drone  
  14  0:37  Spawning Pool  
  13  1:03  Drone  
  14  1:05  Overlord  
  14  1:27  Hatchery  
  13  1:33  Zergling x2  
  14  1:44  Drone  
  15  1:57  Drone  
  15  1:58  Drone  
  17  2:04  Zergling x2  
  18  2:32  Zergling x2  
  18  2:33  Overlord  
  18  2:36  Zergling x2  
  20  2:43  Spine Crawler  
  19  2:47  Spine Crawler  
  19  2:49  Drone  
  19  2:50  Drone  
  20  2:56  Zergling x2  
  20  2:57  Drone  
  22  3:06  Drone x2  
Show
View Real Time Build Order
Export as new Build Order

llllllllllll Protoss - Winner!

Build Orders:  

Get SALT Encoding   

  12  0:00  Probe  
  13  0:12  Probe  
  14  0:17  Pylon  
  14  0:24  Probe (Chrono Boost)  
  16  0:36  Probe (Chrono Boost)  
  16  0:38  Gateway  
  16  0:45  Assimilator, Probe  
  18  0:57  Probe  
  18  1:09  Probe  
  18  1:10  Gateway  
  19  1:15  Assimilator  
  19  1:21  Probe  
  20  1:27  Cybernetics Core  
  20  1:33  Probe  
  20  1:34  Pylon  
  21  1:45  Probe  
  22  1:57  Probe  
  23  2:03  Stalker (Chrono Boost)  
  23  2:04  Stalker (Chrono Boost)  
  27  2:14  Pylon  
  27  2:24  Stalker x2 (Chrono Boost)  
  31  2:35  Pylon  
  31  2:44  Probe  
  32  2:48  Robotics Facility  
  32  3:01  Probe  
  32  3:02  Stalker  
  35  3:06  Stalker  
  37  3:13  Probe  
  38  3:25  Probe  
  39  3:38  Pylon  
Tags
 
Add a new tag
Caveats
  • Supply blocks, unpowered buildings, or Contaminate may cause inaccurate times.
  • Supply counts are checked every 10 seconds.